 Dungeon Crawl Stone Soup version 0.27.1-1-g398f81649c (webtiles) character file.

Game seed: 17580402628624484959

155 Elvor the Sneak (level 5, -7/33 HPs)
             Began as a Gargoyle Delver on Sept 10, 2021.
             Mangled by a mummy (11 damage)
             ... in an ossuary.
             The game lasted 00:07:33 (1206 turns).

Elvor the Sneak (Gargoyle Delver)                   Turns: 1206, Time: 00:07:33

Health: -7/33      AC:  7    Str: 16    XL:     5   Next: 37%
Magic:  5/5        EV: 11    Int: 11    God:
Gold:   752        SH:  0    Dex: 11    Spells: 4/4 levels left

rFire    . . .     SeeInvis .   a - +0 mace
rCold    . . .     Faith    .   (no shield)
rNeg     + . .     Spirit   .   b - +0 leather armour
rPois    ∞         Reflect  .   (no helmet)
rElec    +         Harm     .   (no cloak)
rCorr    .         Rampage  .   (no gloves)
Will     .....                  (no boots)
Stlth    +++.......             (no amulet)
HPRegen  0.11/turn              (no ring)
MPRegen  0.09/turn              (no ring)

@: hasted, very quick
A: sickness immunity, AC +4, negative energy resistance 1, electricity
resistance, torment resistance 1, petrification resistance
a: no special abilities


You were in an ossuary.
You visited 1 branch of the dungeon, and saw 2 of its levels.
You also visited: Ossuary.

You collected 752 gold pieces.

Inventory:

Hand Weapons
 a - a +0 mace (weapon)
Armour
 b - a +0 leather armour (worn)
Wands
 g - a wand of digging (3)
Scrolls
 c - a scroll of fog
 e - a scroll of fear


   Skills:
 + Level 3.7 Fighting
 + Level 3.3 Maces & Flails
 + Level 1.9 Armour
 + Level 1.9 Dodging
 + Level 6.5 Stealth


You had 4 spell levels left.
You didn't know any spells.
Your spell library was empty.

Dungeon Overview and Level Annotations

Branches:
Dungeon (5/15)             Temple (0/1) D:4         Ossuary (1/1)

Altars:


Innate Abilities, Weirdness & Mutations

You are immune to sickness and miasma.
Your stone body is resilient. (AC +4)
You are immune to poison.
You resist negative energy. (rN+)
You are resistant to electric shocks. (rElec)
You are resistant to unholy torment.
You are immune to petrification.


Message History

This is a scroll of acquirement!
Something appears at your feet!
You now have 752 gold pieces (gained 740).
You feel yourself speed up.
There is an open door here.
The helpless mummy fails to defend itself.
You hit the mummy.
The mummy is moderately damaged.
You barely miss the mummy.
The mummy is moderately damaged.
The mummy hits you but does no damage.
You hit the mummy.
The mummy is heavily damaged.
You barely miss the mummy.
The mummy is heavily damaged.
The mummy hits you!
You sock the mummy!
The mummy is almost destroyed.
The mummy barely misses you.
You hit the mummy.
You destroy the mummy!
You hit the mummy but do no damage. The mummy hits you!
* * * LOW HITPOINT WARNING * * *
You sock the mummy!
The mummy is heavily damaged.
You hit the mummy.
The mummy is severely damaged.
The mummy misses you.
You barely miss the mummy.
The mummy is severely damaged.
You hit the mummy but do no damage.
The mummy is severely damaged.
The mummy hits you.
* * * LOW HITPOINT WARNING * * *
You hit the mummy.
The mummy is severely damaged.
You hit the mummy but do no damage.
The mummy is severely damaged.
The mummy hits you!
You die...

#...# #... #...# #...
#...# #... #...# #...
###'# #'## #...# #...
#...####### #####...
#...#...#!!!?#...#...
#...@.∩.+??(?#.∩.'...
#...#M..#??!!#...#..∩
########### ########


You could see a mummy.

Vanquished Creatures
  A water moccasin zombie (Ossuary)
  2 human skeletons (D:4)
  A mummy (Ossuary)
  5 adder zombies (Ossuary)
  8 gnoll zombies (Ossuary)
  3 hobgoblin zombies (Ossuary)
  A kobold (D:4)
  4 kobold zombies (Ossuary)
  10 orc zombies (Ossuary)
35 creatures vanquished.

Notes
Turn   | Place    | Note
-------+----------+-------------------------------------------
     0 | D:5      | Elvor the Gargoyle Delver began the quest for the Orb.
     0 | D:5      | Reached XP level 1. HP: 14/14 MP: 1/1
   194 | D:4      | Reached skill level 6 in Stealth
   194 | D:4      | Reached XP level 2. HP: 14/19 MP: 2/2
   194 | D:4      | Reached XP level 3. HP: 17/23 MP: 3/3
   202 | D:4      | Found a sand-covered staircase.
   219 | Ossuary  | Entered an ossuary
   512 | Ossuary  | Reached XP level 4. HP: 21/28 MP: 4/4
   537 | Ossuary  | Reached skill level 1 in Armour
   922 | Ossuary  | Reached XP level 5. HP: 10/33 MP: 5/5
  1190 | Ossuary  | Identified a scroll of acquirement
  1190 | Ossuary  | Acquired 740 gold pieces
  1206 | Ossuary  | Mangled by a mummy

Illustrated notes

Levels and vault maps discovered:
D:4:      layout_rooms, minmay_temple_entry_drinking_statues,
          nicolae_ossuary_entry_catacombs, minmay_misc_feat_hallway, uniq_robin,
          uniq_duvessa
D:5:      layout_gridville, kennysheep_mini, minmay_diced_spiral
Ossuary:  ossuary_tomb_2

Skill      XL: |  1  2  3  4 |
---------------+-------------+-----
Stealth        | 6 |  6.5
Armour         | 1 |  1.9
Maces & Flails | 3 |  3.3
Fighting       | |  3.7
Dodging        | |  1.9

Action                   |  1- 3 |  4- 6 || total
-------------------------+-------+-------++-------
Melee: Mace              |    44 |   165 ||   209
  Use: Scroll            |     1 |     1 ||     2
       Potion            |       |     2 ||     2
 Stab: Sleeping          |     4 |     2 ||     6
Armor: Leather armour    |    27 |    82 ||   109
Dodge: Dodged            |    27 |   107 ||   134
